 Dungeon Crawl Stone Soup version 0.28.0-43-g3370ac3207 (webtiles) character file.

Game seed: 12885648478436320690

448 croobank the Firebug (level 7, 0/51 HPs)
             Began as a Human Fire Elementalist on Mar 11, 2022.
             Succumbed to a gnoll's poison
             ... on level 4 of the Dungeon.
             The game lasted 00:13:36 (4423 turns).

croobank the Firebug (Human Fire Elementalist)      Turns: 4423, Time: 00:13:37

Health: 0/51       AC:  3    Str:  9    XL:     7   Next: 24%
Magic:  1/11       EV: 13    Int: 17    God:
Gold:   109        SH:  0    Dex: 13    Spells: 5/12 levels left

rFire   . . .      SeeInvis .   b - +2 mace (drain)
rCold   . . .      Faith    .   (no shield)
rNeg    + . .      Spirit   .   a - +0 robe
rPois   .          Reflect  .   x - +0 helmet
rElec   .          Harm     .   (no cloak)
rCorr   .          Rampage  .   (no gloves)
Will    +....                   (no boots)
Stlth   ++........              (no amulet)
HPRegen 0.17/turn               e - ring of positive energy
MPRegen 0.12/turn               n - ring of willpower

@: brilliant, lethally poisoned (0 -> -5), on berserk cooldown, slowed, very
slow
A: no striking features
a: no special abilities


You were on level 4 of the Dungeon.
You visited 1 branch of the dungeon, and saw 4 of its levels.

You collected 109 gold pieces.

Inventory:

Hand Weapons
 b - a +2 mace of draining (weapon)
 v - a +0 falchion
 z - a +2 mace of holy wrath
Missiles
 c - 46 arrows
 d - 2 throwing nets
 h - 29 bolts
 o - 55 stones
 A - 4 silver javelins
Armour
 a - a +0 robe (worn)
 q - a +0 leather armour
 x - a +0 helmet (worn)
 y - a +0 ring mail
Jewellery
 e - a ring of positive energy (left hand)
 n - a ring of willpower (right hand)
 w - a ring of protection from fire
Wands
 j - a wand of digging (3)
 B - a wand of iceblast (3)
Scrolls
 g - 4 scrolls of teleportation {unknown}
 i - a scroll of fog {unknown}
 k - a scroll of amnesia {unknown}
 m - a scroll of immolation {unknown}
 p - a scroll of summoning {unknown}
 t - 2 scrolls of identify {unknown}
 C - a scroll of fear {unknown}
Potions
 r - a potion of magic {unknown}
 s - a potion of flight {unknown}
 u - 2 potions of curing {unknown}
 D - a potion of mutation {unknown}


   Skills:
 + Level 2.5 Fighting
 + Level 3.4 Dodging
 + Level 3.6 Stealth
 + Level 3.2 Spellcasting
 + Level 2.8 Conjurations
 + Level 4.1 Fire Magic


You had 5 spell levels left.
You knew the following spells:

 Your Spells              Type           Power      Damage    Failure   Level
a - Foxfire               Conj/Fire      84%        2x1d8     4%          1
b - Scorch                Fire           50%        2d8       4%          2
c - Flame Wave            Conj/Fire      21%        2d7       38%         4

Your spell library contained the following spells:

 Spells                   Type           Power      Damage    Failure   Level
 Conjure Flame            Conj/Fire      21%        6-21      12%         3
 Inner Flame              Hex/Fire       14%        N/A       22%         3


Dungeon Overview and Level Annotations

Branches:
Dungeon (4/15)
 Temple: D:4-7

Altars:


Message History

You conjure some foxfire!
* * * LOW HITPOINT WARNING * * *
You feel very sick. The gnoll misses you.
A goblin comes into view. It is wielding a +0 club.
You thump the gnoll!
You kill the gnoll!
* * * LOW HITPOINT WARNING * * *
You feel very sick.
It was a potion of brilliance.
You feel clever all of a sudden.
* * * LOW HITPOINT WARNING * * *
You feel very sick.
Your foxfire dissipates!
It was a potion of berserk rage.
A red film seems to cover your vision as you go berserk!
You feel yourself moving faster!
You feel mighty!
* * * LOW HITPOINT WARNING * * *
You feel very sick.
You are too berserk!
You are too berserk!
You are too berserk!
You are too berserk!
Found 13 gold pieces.
You feel a strong urge to attack something.
* * * LOW HITPOINT WARNING * * *
You feel sick.
Things that are here:
a +1 whip of venom; a gnoll corpse You are too berserk!
Found a scroll labelled HAUSAI OHUKHAO.
* * * LOW HITPOINT WARNING * * *
You feel sick.
You feel your anger nearly subside.
* * * LOW HITPOINT WARNING * * *
You feel sick.
You are no longer berserk.
You are exhausted.
You feel yourself slow down.
You die...

...........##......#.......
..............#........#...
...........#..#........#...
..<.##.....#...............
#............... .........#
....##.))....#.# ###....
.g.####..)..## ....#
............# ....#
..#####.).@.# .....
#............ .......
#..........=... .......
#.....[.....?.. ........
......###$...... .....##.
...... ....... ........
...... ...##.. .....#.#
.... ...# #...#...#.. ..#
#....


There were no monsters in sight!

Vanquished Creatures
  An ogre (D:2)
  A phantom (D:4)
  A howler monkey (D:4)
  A hound (D:4)
  An orc priest (D:2)
  An orc wizard (D:3)
  Robin (D:3)
  3 gnolls (D:4)
  2 adders
  A worm (D:3)
  A dart slug (D:4)
  17 orcs
  2 ball pythons
  9 endoplasms
  4 giant cockroaches
  11 goblins
  10 hobgoblins
  2 quokkas (D:1)
  6 bats
  4 frilled lizards
  7 kobolds
  2 rats (D:1)
88 creatures vanquished.

Vanquished Creatures (others)
  146 foxfires
146 creatures vanquished.

Grand Total: 234 creatures vanquished

Notes
Turn   | Place    | Note
-------+----------+-------------------------------------------
     0 | D:1      | croobank the Human Fire Elementalist began the quest for
                  | the Orb.
     0 | D:1      | Reached XP level 1. HP: 13/13 MP: 3/3
   220 | D:1      | Reached XP level 2. HP: 19/19 MP: 3/5
   280 | D:1      | Learned a level 2 spell: Scorch
   542 | D:1      | Reached XP level 3. HP: 25/25 MP: 2/6
  1484 | D:2      | Noticed an ogre
  1647 | D:2      | Reached skill level 1 in Fighting
  1647 | D:2      | Reached XP level 4. HP: 27/32 MP: 0/7
  1723 | D:2      | Learned a level 4 spell: Flame Wave
  1725 | D:2      | Killed an ogre
  1726 | D:2      | Reached XP level 5. HP: 38/38 MP: 0/9
  2742 | D:3      | Reached XP level 6. HP: 10/44 MP: 2/10
  2757 | D:3      | HP: 2/44 [orc/+0 falchion (2)]
  3128 | D:3      | Found a faded altar of an unknown god.
  3300 | D:4      | Noticed Robin
  3552 | D:3      | Killed Robin
  4103 | D:4      | Reached skill level 4 in Fire Magic
  4103 | D:4      | Reached XP level 7. HP: 24/51 MP: 1/11
  4421 | D:4      | HP: 3/76 [poisoned by a gnoll]
  4423 | D:4      | Succumbed to a gnoll's poison

Illustrated notes

Levels and vault maps discovered:
D:1:      scummos_arrival_simple_crosswalls, layout_basic,
          minmay_misc_feat_room, minmay_misc_feat_tower, minmay_crystal_water,
          minivault_26
D:2:      layout_loops_ring, serial_rivers, chequers_serial_rivers_micro_e,
          chequers_serial_rivers_small_b, chequers_serial_rivers_micro_b,
          chequers_serial_rivers_micro_d, serial_bayou_pond_d,
          hangedman_feature_mirror
D:3:      layout_loops_cross, dreamdust_ecumenical_altar_hidden_monk_grotto
D:4:      layout_cave_pools, uniq_robin

Skill      XL: |  1  2  3  4  5  6 |
---------------+-------------------+-----
Fighting       | 1 2 |  2.5
Conjurations   | 2 |  2.8
Stealth        | 3 |  3.6
Dodging        | 3 |  3.4
Spellcasting   | 3 |  3.2
Fire Magic     | 4 |  4.1

Action                   |  1- 3 |  4- 6 |  7- 9 || total
-------------------------+-------+-------+-------++-------
Melee: Mace              |    16 |    44 |     6 ||    66
 Cast: Foxfire           |    39 |    42 |    11 ||    92
       Scorch            |     8 |    17 |     6 ||    31
       Flame Wave        |       |     1 |       ||     1
  Use: Potion            |       |       |     2 ||     2
Armor: Robe              |     5 |    19 |       ||    24
Dodge: Dodged            |    13 |    54 |     5 ||    72
